PBL
ROSWELL INVADERS @ HOUSTON COLT .45'S
10/11/2047
 
TOP OF THE 1ST
Amarillo ThunderHeads batting - Pitching for Tijuana Toros : RHP Maaik van Duinen
Pitching: RHP Maaik van Duinen
Batting: RHB Mike Trujillo 0-0: Ball
1-0: Fly out, F8 (Flyball, 8RXD, EV 92.5 MPH)
Batting: RHB Marços Berto 0-0: Ball
1-0: Swinging Strike
1-1: Ball
2-1: Ball
3-1: Ground out 4-3 (Groundball, 4, EV 80.0 MPH)
Batting: RHB Kisho Ito 0-0: Called Strike
0-1: Swinging Strike
0-2: Ball
1-2: Ball
2-2: Foul Ball, location: 2F
2-2: Ball
3-2: Foul Ball, location: 2F
3-2: Strikes out looking
Top of the 1st over - 0 runs, 0 hits, 0 errors, 0 left on base; Amarillo 0 - Tijuana 0
BOTTOM OF THE 1ST
Tijuana Toros batting - Pitching for Amarillo ThunderHeads : LHP Katsuhito Tsuda
Pitching: LHP Katsuhito Tsuda
Batting: LHB James Betron 0-0: Called Strike
0-1: Called Strike
0-2: Ball
1-2: Strikes out swinging
Batting: RHB Eduardo Arias 0-0: Hit by Pitch
Batting: LHB Miguel Medina 0-0: Foul Ball, location: 2F
0-1: Swinging Strike
0-2: Ball
1-2: Ball
2-2: Foul Ball, location: 2F
2-2: Strikes out looking
Batting: LHB Ricardo Rosales 0-0: Called Strike
0-1: Ball
1-1: Ball
2-1: Foul Ball, location: 2F
2-2: Foul Ball, location: 2F
2-2: Strikes out swinging
Bottom of the 1st over - 0 runs, 0 hits, 0 errors, 1 left on base; Amarillo 0 - Tijuana 0
TOP OF THE 2ND
Amarillo ThunderHeads batting - Pitching for Tijuana Toros : RHP Maaik van Duinen
Batting: RHB Luis Mendoza 0-0: Ground out 6-3 (Groundball, 6, EV 83.8 MPH)
Batting: LHB Javy Cisneros 0-0: Ground out 6-3 (Groundball, 6MS, EV 88.1 MPH)
Batting: SHB Manny Morales 0-0: Ball
1-0: Ground out U3 (Groundball, 34, EV 81.3 MPH)
Top of the 2nd over - 0 runs, 0 hits, 0 errors, 0 left on base; Amarillo 0 - Tijuana 0
BOTTOM OF THE 2ND
Tijuana Toros batting - Pitching for Amarillo ThunderHeads : LHP Katsuhito Tsuda
Batting: RHB Mike Dodson 0-0: Ball
1-0: Ground out 5-3 (Groundball, 56S, EV 85.6 MPH)
Batting: LHB Tomoshi Ueda 0-0: Ball
1-0: Hit by Pitch
Batting: LHB Cesar Gutierrez 0-0: Swinging Strike
0-1: Ball
1-1: Foul Ball, location: 2F
1-2: Foul Ball, location: 2F
1-2: Ball
2-2: SINGLE (Flyball, 7LS, EV 92.5 MPH)
Tomoshi Ueda to second
Batting: RHB Juan Hernandez 0-0: Swinging Strike
0-1: Ball
1-1: Swinging Strike
1-2: Fly out, F6 (Line Drive, 6, EV 73.8 MPH)
Lined into DP, 6-4 (Line Drive, 6, EV 75.0 MPH)
Bottom of the 2nd over - 0 runs, 1 hit, 0 errors, 1 left on base; Amarillo 0 - Tijuana 0
TOP OF THE 3RD
Amarillo ThunderHeads batting - Pitching for Tijuana Toros : RHP Maaik van Duinen
Batting: LHB Takeo Nishiguchi 0-0: SINGLE (Line Drive, 8RS, EV 103.8 MPH)
Batting: RHB Milion Kahangi 0-0: Ball
1-0: SINGLE (Groundball, 6MD, EV 98.1 MPH)
Takeo Nishiguchi to second
Runner from 2nd tries for 3rd, OUT! 8-5
Batting: LHB Katsuhito Tsuda 0-0: Bunted foul
0-1: Sac Bunt to 13 - play at first, batter OUT! 1-4
Milion Kahangi to second
Batting: RHB Mike Trujillo 0-0: Called Strike
0-1: Foul Ball, location: 2F
0-2: Ball
1-2: Ground out 5-3 (Groundball, 56S, EV 84.4 MPH)
Top of the 3rd over - 0 runs, 2 hits, 0 errors, 1 left on base; Amarillo 0 - Tijuana 0
BOTTOM OF THE 3RD
Tijuana Toros batting - Pitching for Amarillo ThunderHeads : LHP Katsuhito Tsuda
Batting: RHB Maaik van Duinen 0-0: DOUBLE (Flyball, 89D, EV 97.5 MPH)
Batting: LHB James Betron 0-0: Ball
1-0: Called Strike
1-1: Ball
2-1: Swinging Strike
2-2: Strikes out swinging
Batting: RHB Eduardo Arias 0-0: Called Strike
0-1: Called Strike
0-2: Ground out 6-3 (Groundball, 6M, EV 93.8 MPH)
Maaik van Duinen to third
Batting: LHB Miguel Medina 0-0: Ball
1-0: Ball
2-0: Foul Ball, location: 2F
2-1: Foul Ball, location: 2F
2-2: SINGLE (Groundball, 56D, EV 98.1 MPH)
Maaik van Duinen scores
Batting: LHB Ricardo Rosales 0-0: Ball
1-0: Swinging Strike
1-1: Fly out, F8 (Flyball, 8LM, EV 84.4 MPH)
Bottom of the 3rd over - 1 run, 2 hits, 0 errors, 1 left on base; Amarillo 0 - Tijuana 1
TOP OF THE 4TH
Amarillo ThunderHeads batting - Pitching for Tijuana Toros : RHP Maaik van Duinen
Batting: RHB Marços Berto 0-0: Called Strike
0-1: Ball
1-1: Swinging Strike
1-2: Foul Ball, location: 2F
1-2: Strikes out looking
Batting: RHB Kisho Ito 0-0: Called Strike
0-1: Called Strike
0-2: Foul Ball, location: 2F
0-2: Foul Ball, location: 2F
0-2: DOUBLE (Flyball, 78D, EV 102.5 MPH)
Batting: RHB Luis Mendoza 0-0: Called Strike
Kisho Ito steals 3rd base
0-1: SINGLE (Line Drive, 8LS, EV 106.9 MPH)
Kisho Ito scores
Batting: LHB Javy Cisneros 0-0: Ball
1-0: Ball
2-0: Called Strike
2-1: SINGLE (Groundball, 34D, EV 95.6 MPH)
Luis Mendoza to second
Runner from 2nd tries for 3rd, SAFE, no throw by RF
Batting: SHB Manny Morales 0-0: Grounds into double play, 4-6-3 (Groundball, 4, EV 102.5 MPH)
Top of the 4th over - 1 run, 3 hits, 0 errors, 1 left on base; Amarillo 1 - Tijuana 1
BOTTOM OF THE 4TH
Tijuana Toros batting - Pitching for Amarillo ThunderHeads : LHP Katsuhito Tsuda
Batting: RHB Mike Dodson 0-0: Ground out 5-3 (Groundball, 56S, EV 95.0 MPH)
Batting: LHB Tomoshi Ueda 0-0: Fly out, F9 (Flyball, 9S, EV 91.9 MPH)
Batting: LHB Cesar Gutierrez 0-0: Fly out, F8 (Line Drive, 78M, EV 110.6 MPH)
Bottom of the 4th over - 0 runs, 0 hits, 0 errors, 0 left on base; Amarillo 1 - Tijuana 1
TOP OF THE 5TH
Amarillo ThunderHeads batting - Pitching for Tijuana Toros : RHP Maaik van Duinen
Batting: LHB Takeo Nishiguchi 0-0: Ball
1-0: Ball
2-0: Fly out, F7 (Flyball, 7LS, EV 91.9 MPH)
Batting: RHB Milion Kahangi 0-0: Ball
1-0: Fly out, F7 (Flyball, 78M, EV 86.3 MPH)
Batting: LHB Katsuhito Tsuda 0-0: Called Strike
0-1: Called Strike
0-2: Strikes out swinging, 2-3 out at first.
Top of the 5th over - 0 runs, 0 hits, 0 errors, 0 left on base; Amarillo 1 - Tijuana 1
BOTTOM OF THE 5TH
Tijuana Toros batting - Pitching for Amarillo ThunderHeads : LHP Katsuhito Tsuda
Batting: RHB Juan Hernandez 0-0: Called Strike
0-1: Called Strike
0-2: Ball
1-2: Ground out 5-3 (Groundball, 56S, EV 85.6 MPH)
Batting: RHB Maaik van Duinen 0-0: Swinging Strike
0-1: Called Strike
0-2: Strikes out swinging
Batting: LHB James Betron 0-0: Called Strike
0-1: Ball
1-1: Foul Ball, location: 2F
1-2: Ball
2-2: Ball
3-2: Foul Ball, location: 2F
3-2: SINGLE (Flyball, 7S, EV 97.5 MPH)
Batting: RHB Eduardo Arias 0-0: Fielders Choice at 2nd, 6-4 (Groundball, 6, EV 106.3 MPH)
Bottom of the 5th over - 0 runs, 1 hit, 0 errors, 1 left on base; Amarillo 1 - Tijuana 1
TOP OF THE 6TH
Amarillo ThunderHeads batting - Pitching for Tijuana Toros : RHP Maaik van Duinen
Batting: RHB Mike Trujillo 0-0: Called Strike
0-1: Ball
1-1: Foul Ball, location: 2F
1-2: Strikes out swinging
Batting: RHB Marços Berto 0-0: Called Strike
0-1: Foul Ball, location: 2F
0-2: Ball
1-2: Ball
2-2: Ball
3-2: Base on Balls
Pitching: RHP Oscar Banda
Batting: RHB Kisho Ito 0-0: Ball
1-0: Ball
2-0: Ball
3-0: Base on Balls
Marços Berto to second
Batting: RHB Luis Mendoza 0-0: Called Strike
0-1: SINGLE (Line Drive, 56D, EV 93.8 MPH)
Marços Berto to third
Kisho Ito to second
Runner from 3rd tries for Home, SAFE, throw by LF to home
Batting: LHB Javy Cisneros 0-0: Called Strike
0-1: Ball
1-1: Swinging Strike
1-2: Strikes out swinging
Batting: SHB Manny Morales 0-0: Ball
1-0: Foul Ball, location: 2F
1-1: Foul Ball, location: 2F
1-2: Ball
2-2: Ball
3-2: Strikes out swinging
Top of the 6th over - 1 run, 1 hit, 0 errors, 2 left on base; Amarillo 2 - Tijuana 1
BOTTOM OF THE 6TH
Tijuana Toros batting - Pitching for Amarillo ThunderHeads : LHP Katsuhito Tsuda
Batting: LHB Miguel Medina 0-0: Ball
1-0: SINGLE (Line Drive, 89M, EV 85.6 MPH)
Batting: LHB Ricardo Rosales 0-0: Foul Ball, location: 2F
0-1: Swinging Strike
0-2: Ball
1-2: Ball
2-2: Strikes out looking
Batting: RHB Mike Dodson 0-0: Ball
1-0: Swinging Strike
1-1: Foul Ball, location: 2F
1-2: Foul Ball, location: 2F
1-2: Ball
2-2: Grounds into double play, 5-4-3 (Groundball, 56S, EV 86.9 MPH)
Bottom of the 6th over - 0 runs, 1 hit, 0 errors, 0 left on base; Amarillo 2 - Tijuana 1
TOP OF THE 7TH
Amarillo ThunderHeads batting - Pitching for Tijuana Toros : RHP Oscar Banda
Batting: LHB Takeo Nishiguchi 0-0: Ball
1-0: Called Strike
1-1: Foul Ball, location: 2F
1-2: Strikes out swinging
Batting: RHB Milion Kahangi 0-0: Called Strike
0-1: Foul Ball, location: 2F
0-2: Ground out 4-3 (Groundball, 4, EV 103.8 MPH)
Batting: LHB Katsuhito Tsuda 0-0: Swinging Strike
0-1: Foul Ball, location: 2F
0-2: Ball
1-2: Foul Ball, location: 2F
1-2: Ball
2-2: Ball
3-2: Foul Ball, location: 2F
3-2: Strikes out looking
Top of the 7th over - 0 runs, 0 hits, 0 errors, 0 left on base; Amarillo 2 - Tijuana 1
BOTTOM OF THE 7TH
Tijuana Toros batting - Pitching for Amarillo ThunderHeads : LHP Katsuhito Tsuda
Batting: LHB Tomoshi Ueda 0-0: Ball
1-0: Called Strike
1-1: Foul Ball, location: 2F
1-2: Strikes out swinging
Batting: LHB Cesar Gutierrez 0-0: Foul Ball, location: 2F
0-1: Ball
1-1: Ball
2-1: SINGLE (Groundball, 34, EV 85.0 MPH) (infield hit)
Pinch Hitting: RHB Billy Valadez 0-0: Foul Ball, location: 2F
0-1: Swinging Strike
0-2: Ball
1-2: Ball
2-2: Foul Ball, location: 2F
2-2: Grounds into double play, 6-4-3 (Groundball, 56, EV 85.0 MPH)
Bottom of the 7th over - 0 runs, 1 hit, 0 errors, 0 left on base; Amarillo 2 - Tijuana 1
TOP OF THE 8TH
Amarillo ThunderHeads batting - Pitching for Tijuana Toros : RHP Oscar Banda
Pitching: RHP Mikinori Yamakawa
Now at 1B: Ramon Rodriguez
Batting: RHB Mike Trujillo 0-0: Swinging Strike
0-1: Foul Ball, location: 2F
0-2: Ball
1-2: Ball
2-2: Foul Ball, location: 2F
2-2: Foul Ball, location: 2F
2-2: Ball
3-2: Foul Ball, location: 2F
3-2: Strikes out looking
Batting: RHB Marços Berto 0-0: Ground out 6-3 (Groundball, 6M, EV 89.4 MPH)
Batting: RHB Kisho Ito 0-0: Called Strike
0-1: Ball
1-1: Ball
2-1: Ball
3-1: Called Strike
3-2: SINGLE (Groundball, 4MD, EV 96.3 MPH)
Batting: RHB Luis Mendoza 0-0: Ball
1-0: Foul Ball, location: 2F
1-1: Foul Ball, location: 2F
1-2: Ball
2-2: Ball
Kisho Ito steals 2nd base
3-2: Strikes out looking
Top of the 8th over - 0 runs, 1 hit, 0 errors, 1 left on base; Amarillo 2 - Tijuana 1
BOTTOM OF THE 8TH
Tijuana Toros batting - Pitching for Amarillo ThunderHeads : LHP Katsuhito Tsuda
Pitching: LHP Benedikt Potmesil
Batting: RHB Ramon Rodriguez 0-0: Called Strike
0-1: Ball
1-1: Foul Ball, location: 2F
1-2: Strikes out swinging
Batting: LHB James Betron 0-0: Ball
1-0: Ball
2-0: Called Strike
2-1: Ball
3-1: Ground out 1-3 (Groundball, 15S, EV 69.4 MPH)
Batting: RHB Eduardo Arias 0-0: Called Strike
0-1: Called Strike
0-2: Ball
1-2: Ball
2-2: Foul Ball, location: 2F
2-2: DOUBLE (Line Drive, 89XD, EV 111.3 MPH)
Batting: LHB Miguel Medina 0-0: Swinging Strike
0-1: Ball
1-1: Fly out, F7 (Flyball, 7, EV 94.4 MPH)
Bottom of the 8th over - 0 runs, 1 hit, 0 errors, 1 left on base; Amarillo 2 - Tijuana 1
TOP OF THE 9TH
Amarillo ThunderHeads batting - Pitching for Tijuana Toros : RHP Mikinori Yamakawa
Pitching: RHP Tim Clark
Batting: LHB Javy Cisneros 0-0: Ball
1-0: Ball
2-0: Called Strike
2-1: Foul Ball, location: 2F
2-2: Ball
3-2: Fly out, F9 (Flyball, 9LS, EV 84.4 MPH)
Batting: SHB Manny Morales 0-0: Ball
1-0: Ball
2-0: Ball
3-0: Called Strike
3-1: Swinging Strike
3-2: Foul Ball, location: 2F
3-2: Foul Ball, location: 2F
3-2: Base on Balls
Batting: LHB Takeo Nishiguchi 0-0: Foul Ball, location: 2F
0-1: Ball
1-1: Ball
2-1: Ball
3-1: Base on Balls
Manny Morales to second
Pinch Runner at 2nd Chris McDuffee:
Batting: RHB Milion Kahangi 0-0: Swinging Strike
0-1: Ball
1-1: SINGLE (Line Drive, 56D, EV 98.1 MPH)
Chris McDuffee to third
Takeo Nishiguchi to second
Runner from 3rd tries for Home, SAFE, throw by LF to home
Pitching: RHP Noel Polston
Batting: LHB Benedikt Potmesil 0-0: Fly out, F8 (Flyball, 8RD, EV 96.3 MPH)
Runner from 2nd tags up, SAFE at 3rd with throw by CF
Batting: RHB Mike Trujillo 0-0: Ball
Passed Ball!
Takeo Nishiguchi scores
Milion Kahangi to second
1-0: Fly out, F4 (Popup, 4, EV 61.3 MPH)
Top of the 9th over - 2 runs, 1 hit, 0 errors, 1 left on base; Amarillo 4 - Tijuana 1
BOTTOM OF THE 9TH
Tijuana Toros batting - Pitching for Amarillo ThunderHeads : LHP Benedikt Potmesil
Pitching: RHP Victor Moreta
Now at 1B: Chris McDuffee
Batting: LHB Ricardo Rosales 0-0: Ball
1-0: Called Strike
1-1: Foul Ball, location: 2F
1-2: Ball
2-2: Foul Ball, location: 2F
2-2: Ball
3-2: Base on Balls
Batting: RHB Mike Dodson 0-0: Called Strike
0-1: Called Strike
0-2: Strikes out swinging
Batting: LHB Tomoshi Ueda 0-0: Called Strike
0-1: Swinging Strike
0-2: Ball
1-2: Hit by Pitch
Ricardo Rosales to second
Batting: LHB Cesar Gutierrez 0-0: Ball
1-0: Called Strike
1-1: Ball
2-1: Ball
3-1: Base on Balls
Ricardo Rosales to third
Tomoshi Ueda to second
Pinch Hitting: LHB Dave Lotts 0-0: Ball
1-0: Foul Ball, location: 2F
1-1: Ball
2-1: Ball
3-1: Foul Ball, location: 2F
3-2: DOUBLE (Line Drive, 89D, EV 106.9 MPH)
Ricardo Rosales scores
Tomoshi Ueda scores
Cesar Gutierrez to third
Batting: RHB Ramon Rodriguez 0-0: Ball
1-0: SINGLE (Groundball, 34D, EV 98.1 MPH)
Cesar Gutierrez scores
Dave Lotts to third
Batting: LHB James Betron 0-0: SINGLE (Groundball, 3D, EV 103.1 MPH)
Dave Lotts scores
Game Over ... Tijuana defeats Amarillo, 5 to 4
Thursday, December 15th , 2022 - OOTP Baseball 23.9 Build 102